 Dungeon Crawl Stone Soup version 0.29.0-4-gdea44cf6ec (webtiles) character file.

Game seed: 8531885245005524923

112 qw the Chopper (level 4, -1/26 HPs)
             Began as a Tengu Warper on Aug 28, 2022.
             Constricted to death by Ijyb (4 damage)
             ... on level 3 of the Dungeon.
             The game lasted 00:00:14 (2315 turns).

qw the Chopper (Tengu Warper)                       Turns: 2315, Time: 00:00:15

Health: -1/26      AC:  7    Str: 18    XL:     4   Next: 95%
Magic:  8/8        EV:  6    Int: 12    God:
Gold:   92         SH:  3    Dex: 12    Spells: 7/7 levels left

rFire   . . .      SeeInvis .   Y - +1 hand axe
rCold   . . .      Faith    .   l - +0 buckler
rNeg    . . .      Spirit   .   k - +0 scale mail
rPois   .          Reflect  .   (helmet restricted)
rElec   .          Harm     .   e - +0 cloak
rCorr   .          Rampage  .   (no gloves)
Will    .....                   (boots unavailable)
Stlth   ..........              (no amulet)
HPRegen 0.88/turn               (no ring)
MPRegen 0.11/turn               (no ring)

@: grasped by roots, constricted
A: beak, talons 3, horns 1, regeneration 1, strong 1
a: no special abilities


You were on level 3 of the Dungeon.
You visited 1 branch of the dungeon, and saw 3 of its levels.

You collected 92 gold pieces.


Innate Abilities, Weirdness & Mutations

You have a beak for a mouth.
You have claws for feet.
You have a pair of small horns on your head.
Your natural rate of healing is unusually fast.
Your muscles are strong. (Str +4, Int/Dex -1)


   Skills:
 - Level 2.0 Fighting
 + Level 5.2 Axes
 - Level 1.0 Throwing
 - Level 1.1 Armour
 - Level 2.1 Dodging
 - Level 1.0 Shields
 - Level 2.0 Spellcasting
 - Level 2.4 Translocations


You had 7 spell levels left.
You didn't know any spells.
Your spell library contained the following spells:

 Spells                   Type           Power      Damage    Failure   Level
 Blink                    Tloc           12%        N/A       56%         2
 Gell's Gravitas          Tloc           6%         N/A       80%         3
 Lesser Beckoning         Tloc           6%         N/A       80%         3
 Teleport Other           Tloc           6%         N/A       80%         3
 Manifold Assault         Tloc           6%         N/A       100%        5

Inventory:

Hand Weapons
 b - a +0 hammer
 Y - a +1 hand axe (weapon)
Missiles
 f - a javelin (quivered)
Armour
 e - a +0 cloak (worn)
 k - a +0 scale mail (worn)
 l - a +0 buckler (worn)
Jewellery
 c - a ring of ice
 g - a +6 ring of strength
Scrolls
 h - a scroll of fear {unknown}
Potions
 a - a potion of mutation
 d - a potion of curing
 i - a potion of attraction {unknown}
 m - a potion of cancellation {unknown}

Dungeon Overview and Level Annotations

Branches:
Dungeon (3/15)

Altars:
Ru

Shops:
D:2 (

Annotations:
D:3 Ijyb


Message History

Ijyb screams, "You nasty!
Big nasty!"
You hit Ijyb but do no damage. Your kick misses Ijyb. Your peck misses Ijyb.
Ijyb hits you but does no damage.
You barely miss Ijyb. Your kick misses Ijyb. You peck Ijyb, but do no damage.
Ijyb hits you but does no damage. x2
You hit Ijyb. Your peck misses Ijyb.
Ijyb is moderately wounded.
Ijyb zaps a wand.
The roots erupt in riotous growth!
The grasping roots grab you!
Ijyb is unaffected.
The grasping roots constrict you.
You barely miss Ijyb. You claw Ijyb, but do no damage.
Your headbutt misses Ijyb.
Ijyb is moderately wounded.
Ijyb hits you but does no damage. The grasping roots constrict you.
You hit Ijyb but do no damage. Your headbutt misses Ijyb.
Ijyb is moderately wounded.
Ijyb barely misses you. The grasping roots constrict you!
The grasping roots release their grip on you.
You hit Ijyb but do no damage. Your kick misses Ijyb.
Your headbutt misses Ijyb.
Ijyb is moderately wounded.
Ijyb hits you with a +0 club.
You hit Ijyb. Your kick misses Ijyb. You peck Ijyb.
Ijyb is moderately wounded.
You block Ijyb's attack.
You hit Ijyb but do no damage. You claw Ijyb.
You headbutt Ijyb, but do no damage.
Ijyb is heavily wounded.
Ijyb zaps a wand.
The roots erupt in riotous growth!
The grasping roots grab you!
Ijyb is unaffected.
The grasping roots constrict you.
You hit Ijyb. Your headbutt misses Ijyb.
Ijyb is severely wounded.
You block Ijyb's attack. The grasping roots constrict you.
You closely miss Ijyb. You claw Ijyb. You peck Ijyb.
Ijyb is almost dead.
Ijyb drinks a potion.
Ijyb is healed!
The grasping roots constrict you.
You hit Ijyb but do no damage. Your kick misses Ijyb. You headbutt Ijyb.
Ijyb is almost dead.
Ijyb hits you but does no damage. The grasping roots constrict you.
You die...

#........##.#.....###
#........##..........
#...^....###.####..##
#........# #.####..##
#........# #.........
##..#+#### ###.###.##
##.#.###### # #..#
#.#g...... ##.#
#.@..# #.. #.....#
##. #.....+ #.
#.....# #. #.....# #.
#.!...# #. ####### ##


You could see Ijyb.

Vanquished Creatures
  Crazy Yiuf (D:2)
  Robin (D:3)
  A gnoll (D:1)
  An adder (D:2)
  A worm (D:2)
  A dart slug (D:2)
  An orc (D:3)
  4 bats (D:2)
  6 endoplasms
  2 giant cockroaches (D:1)
  10 goblins
  2 hobgoblins
  2 ball pythons (D:2)
  4 frilled lizards
  9 kobolds
  4 rats (D:1)
50 creatures vanquished.

Notes
Turn   | Place    | Note
-------+----------+-------------------------------------------
     0 | D:1      | qw the Tengu Warper began the quest for the Orb.
     0 | D:1      | Reached XP level 1. HP: 12/12 MP: 4/4
     0 | D:1      | 0 ||| qw: Version: 0.1-a-89-g26bdef1
     0 | D:1      | 0 ||| qw: Game counter: 3099
     0 | D:1      | 0 ||| qw: Always use a shield: true
     0 | D:1      | 0 ||| qw: God list: Okawaru
     0 | D:1      | 0 ||| qw: Allow faded altars: false
     0 | D:1      | 0 ||| qw: Do Orc after D:15 true
     0 | D:1      | 0 ||| qw: Do second Lair branch before Depths: true
     0 | D:1      | 0 ||| qw: Lair rune preference: random
     0 | D:1      | 0 ||| qw: Plans: Normal
     0 | D:1      | 0 ||| PLANNING D:1-11
   362 | D:1      | Reached XP level 2. HP: 17/17 MP: 6/6
   379 | D:1      | Found a faded altar of an unknown god.
   396 | D:1      | Reached skill level 3 in Axes
   972 | D:1      | Reached XP level 3. HP: 21/21 MP: 7/7
  1018 | D:1      | 1018 ||| UPGRADING to +0 ring mail.
  1028 | D:1      | 1028 ||| DROPPING +0 leather armour.
  1029 | D:1      | 1029 ||| DROPPING +1 leather armour of positive energy.
  1030 | D:1      | 1030 ||| UPGRADING to +0 scale mail.
  1040 | D:1      | 1040 ||| DROPPING +0 ring mail.
  1041 | D:1      | 1041 ||| UPGRADING to +0 buckler.
  1046 | D:1      | 1046 ||| READING scroll labelled KIZIGA PAHU.
  1161 | D:1      | 1161 ||| DROPPING scroll of blinking.
  1190 | D:2      | 1190 ||| STAIRDANCE
  1262 | D:2      | 1262 ||| STAIRDANCE
  1480 | D:2      | Found a sacrificial altar of Ru.
  1543 | D:2      | Found a runed translucent door.
  1544 | D:2      | 1544 ||| DROPPING +0 club.
  1545 | D:2      | Noticed Crazy Yiuf
  1616 | D:2      | Reached skill level 1 in Shields
  1636 | D:2      | Reached skill level 4 in Axes
  1654 | D:2      | 1654 ||| FLEEEEING.
  1662 | D:2      | 1662 ||| STAIRDANCE
  1697 | D:1      | 1697 ||| READING scroll labelled VAELUA HUIXEZ.
  1698 | D:1      | 1698 ||| DRINKING 2 amethyst potions.
  1698 | D:1      | Gained mutation: Your muscles are strong. (Str +4, Int/Dex
                  | -1) [potion of mutation]
  1698 | D:1      | Gained mutation: You have a pair of small horns on your
                  | head. [potion of mutation]
  1698 | D:1      | Gained mutation: Your natural rate of healing is unusually
                  | fast. [potion of mutation]
  1705 | D:2      | 1705 ||| Stepping ~*~*~tactically~*~*~ (hiding).
  1708 | D:2      | 1708 ||| Stepping ~*~*~tactically~*~*~ (hiding).
  1837 | D:2      | Found Lolouss's Weapon Shop.
  1887 | D:2      | 1887 ||| Stepping ~*~*~tactically~*~*~ (stealth).
  1955 | D:2      | Reached XP level 4. HP: 26/26 MP: 8/8
  2055 | D:2      | 2055 ||| READING scroll labelled QUNATUERCHA.
  2056 | D:2      | 2056 ||| READING scroll labelled HYJALI BICZIL.
  2057 | D:2      | 2057 ||| DRINKING 2 bubbling brown potions.
  2058 | D:2      | 2058 ||| DROPPING potion of invisibility.
  2059 | D:2      | 2059 ||| Stepping randomly (stuck).
  2067 | D:2      | Killed Crazy Yiuf
  2090 | D:2      | 2090 ||| UPGRADING to +0 cloak.
  2133 | D:3      | Noticed Robin
  2134 | D:3      | 2134 ||| Stepping ~*~*~tactically~*~*~ (stealth).
  2136 | D:3      | 2136 ||| Stepping ~*~*~tactically~*~*~ (hiding).
  2140 | D:3      | Reached skill level 5 in Axes
  2152 | D:3      | Killed Robin
  2304 | D:3      | Noticed Ijyb
  2313 | D:3      | HP: 5/26 [constriction (4)]
  2314 | D:3      | HP: 2/26 [constriction (4)]
  2315 | D:3      | Constricted to death by Ijyb

Levels and vault maps discovered:
D:1:      dpeg_arrival_another_circle, layout_loops_ring,
          ebering_ecumenical_altar_hall
D:2:      layout_rooms, basic_altar, serial_shops,
          nicolae_shop_bloodbath_and_beyond, corexii_item_surrounded_by_moat,
          uniq_crazy_yiuf_cottage
D:3:      layout_basic, mainiacjoe_overflow_concentric_impassable, uniq_robin,
          uniq_ijyb, uniq_sigmund

Skill      XL: |  1  2  3  4 |
---------------+-------------+-----
Axes           | 3 4 5 |  5.2
Shields        | 1 |  1.0
Fighting       | |  2.0
Throwing       | |  1.0
Armour         | |  1.1
Dodging        | |  2.1
Spellcasting   | |  2.0
Translocations | |  2.4

Action                   |  1- 3 |  4- 6 || total
-------------------------+-------+-------++-------
Melee: Hand axe          |    75 |    39 ||   114
       Kick              |    16 |     9 ||    25
       Peck              |     7 |     4 ||    11
       Headbutt          |     2 |     3 ||     5
Throw: Boomerang         |     7 |       ||     7
       Javelin           |     3 |     6 ||     9
  Use: Scroll            |     2 |     2 ||     4
       Potion            |     1 |     1 ||     2
Armor: Leather armour    |     3 |       ||     3
       Scale mail        |    15 |    18 ||    33
Dodge: Dodged            |    31 |    22 ||    53
Block: Buckler           |     6 |     4 ||    10

Table legend:
 A = Non-vault XP
 B = Vault XP
 C = Vault XP percentage of total XP
 D = Non-vault monster count
 E = Vault monster count
 F = Vault count percentage of total count
                 A         B        C        D         E       F
            +---------+---------+-------+---------+---------+-------
      Total |      90 |      71 |  44.1 |      40 |      10 |  20.0
            +---------+---------+-------+---------+---------+-------
        D:1 |      40 |       0 |   0.0 |      20 |       0 |   0.0
        D:2 |      43 |      40 |  48.2 |      17 |       1 |   5.6
        D:3 |       7 |      31 |  81.6 |       3 |       9 |  75.0
            +---------+---------+-------+---------+---------+-------
